 Dungeon Crawl Stone Soup version 0.30-a0-860-g512cf1e979 (webtiles) character file.

Game seed: 3341130051610056917

927 BubbleThief the Cudgeller (level 8, -2/80 HPs)
             Began as a Naga Cinder Acolyte on Mar 8, 2023.
             Was a High Priest of Ignis.
             Slain by a wyvern (15 damage)
             ... on level 5 of the Dungeon.
             The game lasted 00:06:32 (4815 turns).

BubbleThief the Cudgeller (Naga Cinder Acolyte)     Turns: 4815, Time: 00:06:32

Health: -2/80      AC:  3    Str: 18    XL:     8   Next: 10%
Magic:  8/9        EV:  9    Int: 21    God:    Ignis [*****.]
Gold:   169        SH:  0    Dex:  7    Spells: 7/9 levels left

rFire   + . .      SeeInvis +    a - -1 mace (flame)
rCold   . . .      Faith    .    (no shield)
rNeg    . . .      Spirit   .    b - +0 robe
rPois   +          Reflect  .    (no helmet)
rElec   .          Rampage  .    (no cloak)
rCorr   .                        (no gloves)
Will    +....                    (no barding)
Stlth   +                        (no amulet)
HPRegen 0.33/turn                f - +6 ring of intelligence
MPRegen 0.11/turn                (no ring)

@: short of breath, very slow
A: AC +2, large, see invisible, deformed body, poison resistance, slowness 2,
spit poison 1, naga tail 1
a: Spit Poison, Renounce Religion, Fiery Armour, Foxfire Swarm, Rising Flame


You were on level 5 of the Dungeon.
You worshipped Ignis.
Ignis was extremely pleased with you.
You visited 1 branch of the dungeon, and saw 5 of its levels.

You collected 169 gold pieces.

Inventory:

Hand Weapons
 a - a -1 mace of flaming (weapon)
Armour
 b - a +0 robe (worn)
Jewellery
 d - a ring of ice
 f - a +6 ring of intelligence (left hand)
 h - a ring of willpower
 q - a ring of ice
Scrolls
 g - a scroll of vulnerability {unknown}
 i - 2 scrolls of teleportation {unknown}
 k - 2 scrolls of enchant armour {unknown}
 l - 3 scrolls of enchant weapon {unknown}
 n - a scroll of immolation {unknown}
 r - a scroll of summoning {unknown}
 s - a scroll of noise {unknown}
Potions
 c - 3 potions of degeneration {unknown}
 e - a potion of haste {unknown}
 j - 2 potions of brilliance {unknown}
 m - 3 potions of curing {unknown}
 o - a potion of berserk rage {unknown}
 p - a potion of heal wounds {unknown}


   Skills:
 + Level 7.0 Fighting
 + Level 7.0 Maces & Flails
 - Level 1.0 Spellcasting
 - Level 3.0 Fire Magic


You had 7 spell levels left.
You knew the following spells:

 Your Spells              Type           Power      Damage    Failure   Level
a - Scorch                Fire           26%        2d6       7%          2

Your spell library contained the following spells:

 Spells                   Type           Power      Damage    Failure   Level
 Beastly Appendage        Tmut           2%         N/A       16%         1
 Sandblast                Erth           2%         2d4       16%         1
 Ensorcelled Hibernation  Hex/Ice        2%         N/A       24%         2
 Passwall                 Tmut/Erth      0%         N/A       24%         2
 Wereblood                Tmut           1%         N/A       24%         2
 Spider Form              Tmut/Pois      1%         N/A       43%         3
 Stone Arrow              Conj/Erth      2%         3d7       43%         3
 Swiftness                Air            1%         N/A       43%         3
 Cause Fear               Hex            0%         N/A       85%         4
 Summon Mana Viper        Hex/Summ       1%         N/A       99%         5
 Summon Horrible Things   Summ           0%         N/A       100%        8


Dungeon Overview and Level Annotations

Branches:
Dungeon (5/15)             Temple (0/1) D:4

Altars:
Okawaru

Annotations:
D:3 1 runed translucent door, cforsyth's ghost, amateur DESu


Innate Abilities, Weirdness & Mutations

Your serpentine skin is tough. (AC +2)
You have supernaturally acute eyesight. (SInv)
Armour fits poorly on your strangely shaped body.
Your system is resistant to poisons. (rPois)
You cover ground very slowly.
You can spit poison.
You have a snake-like lower body.


Message History

Found a whip.
The adder hisses angrily.
Casting: Scorch (safe; 7% risk of failure)
Confirm with . or Enter, or press ? or * to list all spells.
Flames lash the howler monkey.
The howler monkey is heavily wounded.
The howler monkey's fire resistance burns away.
You hear an angry hiss.
Aiming: Spit Poison (1% risk of failure)
Press: ? - help, Shift-Dir - straight line, f - howler monkey
Aim: a howler monkey (heavily wounded, more vulnerable to fire, 60% to hit)
The splash of poison misses the howler monkey.
A wyvern comes into view.
You closely miss the howler monkey.
The howler monkey is heavily wounded.
The howler monkey barely misses you. The howler monkey hits you.
You closely miss the howler monkey.
The howler monkey is heavily wounded.
The adder barely misses you.
The howler monkey hoots and howls with incredible vigour!
You have got your breath back.
The adder bites you. The howler monkey barely misses you.
The howler monkey attacks as you move away!
The howler monkey hits you.
The howler monkey is no longer more vulnerable to fire.
The adder bites you but does no damage. The howler monkey hits you.
The wyvern attacks as you move away! The wyvern misses you.
The adder bites you. The wyvern bites you!
There is an open door, spattered with blood here.
The wyvern attacks as you move away! The wyvern bites you! x2
Aiming: Spit Poison (1% risk of failure)
Press: ? - help, Shift-Dir - straight line, f/p - howler monkey
Aim: a howler monkey (heavily wounded, 60% to hit)
The splash of poison hits the wyvern.
The wyvern is poisoned.
The wyvern is lightly wounded.
The wyvern bites you!!
* * * LOW HITPOINT WARNING * * *
The wyvern bites you!
You die...

############ ..[........######
..........Sl@...#
..........h####.# ...........#
#.# ...........## #.#
)...........# #.#
#############...###)#
...........#8...8#.>#############
#############...###..............
#...# #).)...........


You could see a wyvern (poisoned), a howler monkey and an adder.

Vanquished Creatures
  Sigmund (D:2)
  A black bear (D:5)
  A centaur (D:5)
  Blork the orc (D:4)
  A scorpion (D:5)
  A jelly (D:5)
  2 orc priests (D:4)
  2 hounds (D:5)
  A sleepcap (D:4)
  A gnoll bouda (D:3)
  Jessica (D:2)
  2 iguanas
  An orc wizard (D:5)
  4 gnolls
  3 adders
  2 shadow imps (D:5)
  A dart slug (D:5)
  11 orcs
  4 bats
  2 endoplasms
  3 giant cockroaches
  7 goblins
  8 hobgoblins
  10 jackals
  6 kobolds
  2 quokkas
  8 ball pythons
  4 frilled lizards
  4 rats
95 creatures vanquished.

Notes
Turn   | Place    | Note
-------+----------+-------------------------------------------
     0 | D:1      | BubbleThief the Naga Cinder Acolyte began the quest for the
                  | Orb.
     0 | D:1      | Reached XP level 1. HP: 21/21 MP: 2/2
    79 | D:1      | Reached XP level 2. HP: 11/28 MP: 3/3
   269 | D:1      | Reached XP level 3. HP: 34/34 MP: 4/4
   495 | D:1      | Learned a level 2 spell: Scorch
   736 | D:2      | Noticed Sigmund
  1093 | D:3      | Reached XP level 4. HP: 44/44 MP: 5/5
  1200 | D:3      | Found an iron altar of Okawaru.
  1292 | D:3      | Found a runed translucent door.
  1293 | D:3      | Noticed cforsyth's ghost (amateur DESu)
  1690 | D:3      | Reached XP level 5. HP: 51/51 MP: 1/6
  2070 | D:4      | Reached skill level 5 in Fighting
  2070 | D:4      | Reached skill level 5 in Maces & Flails
  2076 | D:4      | Reached XP level 6. HP: 57/61 MP: 1/7
  2149 | D:4      | Found a staircase to the Ecumenical Temple.
  2181 | D:4      | Noticed Blork the orc
  2186 | D:4      | Killed Blork the orc
  2867 | D:2      | Got the Discourse on Assistive Execration
  3040 | D:2      | Killed Sigmund
  3041 | D:2      | Reached XP level 7. HP: 53/68 MP: 3/8
  3426 | D:2      | Noticed Jessica
  3432 | D:2      | Killed Jessica
  3743 | D:5      | Entered Level 5 of the Dungeon
  4387 | D:5      | Reached XP level 8. HP: 78/78 MP: 6/9
  4807 | D:5      | Noticed a wyvern
  4815 | D:5      | Slain by a wyvern

Illustrated notes

Levels and vault maps discovered:
D:1:      minmay_arrival_radiant_lines, layout_rooms, minmay_bisected
D:2:      layout_basic, uniq_jessica, uniq_sigmund
D:3:      layout_rooms, kennysheep_okawaru_gauntlet,
          ebering_ghost_reflecting_pool, minmay_crystal_water,
          palyth_stone_intersect
D:4:      layout_loops_corners, minmay_temple_entry_enclosed_plants,
          wad_floor_pattern_1, chequers_serial_rivers_micro_b,
          uniq_blork_the_orc
D:5:      layout_basic, serial_corexii_hall, corexii_hall_statues_t,
          corexii_hall_statues_i, chequers_hall_statues_wall_a,
          corexii_hall_statues_l

Skill      XL: |  1  2  3  4  5  6  7  8 |
---------------+-------------------------+-----
Fighting       | 4 5 6 7 |  7.0
Maces & Flails | 4 5 6 7 |  7.0
Spellcasting   | |  1.0
Fire Magic     | |  3.0

Action                     |  1- 3 |  4- 6 |  7- 9 || total
---------------------------+-------+-------+-------++-------
  Melee: Mace              |   102 |    38 |    52 ||   192
         Punch             |     1 |     1 |       ||     2
   Cast: Scorch            |     1 |    23 |    28 ||    52
 Invoke: Fiery Armour      |     1 |     1 |     1 ||     3
Ability: Spit Poison       |     5 |    14 |    10 ||    29
 Armour: Robe              |    41 |     8 |    23 ||    72
  Dodge: Dodged            |    60 |    19 |    41 ||   120

Table legend: (Time is in decaauts)
 A = Elapsed time spent in this place.
 B = Non-inter-level travel time spent in this place.
 C = Inter-level travel time spent in this place.
 D = Time resting spent in this place.
 E = Time spent auto-exploring this place.
 F = Levels seen in this place.
 G = Mean time per level.
                   A        B        C        D        E       F      G
               +--------+--------+--------+--------+--------+-----+--------+
         Total |   5982 |   5850 |    132 |    169 |   4964 |   5 | 1196.4 |
       Dungeon |   5982 |   5850 |    132 |    169 |   4964 |   5 | 1196.4 |
               +--------+--------+--------+--------+--------+-----+--------+

Top non-repeatable levels by time:
     D:4: 1441 daAuts
     D:5: 1287 daAuts
     D:3: 1241 daAuts
     D:2: 1164 daAuts
     D:1: 848 daAuts
